 Seeded DCSS version 0.28-a0-1356-g2ad6d04315 (webtiles) character file.

Game seed: 12130800008223909736 (custom seed)

1460 croobank the Spear-Bearer (level 8, -5/46 HPs)
             Began as an Octopode Earth Elementalist on Dec 30, 2021.
             Was an Initiate of Gozag.
             Killed from afar by an electric eel (12 damage)
             ... with a bolt of electricity
             ... on level 6 of the Dungeon.
             The game lasted 00:28:33 (8087 turns).

croobank the Spear-Bearer (OpEE)                    Turns: 8087, Time: 00:28:34

Health: -5/46      AC:  1    Str:  9    XL:     8   Next: 76%
Magic:  11/11      EV: 13    Int: 18    God:    Gozag
Gold:   239        SH:  0    Dex: 12    Spells: 1/11 levels left

rFire   . . .      SeeInvis .   b - +0 hunting sling
rCold   . . .      Faith    .   (no shield)
rNeg    . . .      Spirit   .   (helmet restricted)
rPois   .          Reflect  .   (no amulet)
rElec   .          Harm     .   f - ring of wizardry
rCorr   .          Rampage  .   (no ring)
Will    .....                   (no ring)
Stlth   +++.......              (no ring)
HPRegen 0.15/turn               (no ring)
MPRegen 0.12/turn               (no ring)
                                (no ring)
                                (no ring)

@: no status effects
A: almost no armour, amphibious, 8 rings, camouflage 1, gelatinous body 1,
(nimble swimmer 1), tentacles
a: Renounce Religion, Potion Petition, Call Merchant, Bribe Branch


You were on level 6 of the Dungeon.
You worshipped Gozag.
Gozag was aware of your devotion.
You visited 2 branches of the dungeon, and saw 7 of its levels.

You collected 397 gold pieces.
You spent 93 gold pieces at shops.
You paid 65 gold pieces to Gozag.

Inventory:

Hand Weapons
 a - a +0 trident
 b - a +0 hunting sling (weapon)
 k - a +0 dagger of draining
Missiles
 d - 38 poisoned darts
 h - 34 arrows
 j - 171 stones
 w - 11 sling bullets (quivered ammo)
Armour
 m - an orb of energy
 o - a +4 kite shield of resistance
Magical Staves
 l - a staff of earth
Jewellery
 f - a ring of wizardry (left tentacle)
 u - an amulet of magic regeneration
Wands
 r - a wand of flame (21)
Scrolls
 c - a scroll of fear {fear, unknown}
 e - 2 scrolls of teleportation {teleport, unknown}
 i - a scroll of silence {silence, unknown}
 n - 6 scrolls of identify {identify, unknown}
 q - 2 scrolls of vulnerability {vuln, unknown}
 v - a scroll of blinking {blinking, unknown}
Potions
 g - a potion of might
 p - a potion of degeneration {degeneration, unknown}
 s - a potion of cancellation {cancellation, unknown}
 t - 3 potions of haste {haste, unknown}


   Skills:
 + Level 9.7 Polearms
 - Level 2.6 Dodging
 - Level 3.7 Stealth
 - Level 2.4 Spellcasting
 - Level 1.9 Transmutations
 - Level 3.4 Earth Magic


You had one spell level left.
You knew the following spells:

 Your Spells              Type           Power      Damage    Failure   Level
a - Sandblast             Erth           28%        2d8       1%          1
b - Passwall              Tmut/Erth      9%         N/A       3%          2
c - Stone Arrow           Conj/Erth      16%        3d8       11%         3
d - Petrify               Tmut/Erth      11%        N/A       22%         4

Your spell library contained the following spells:

 Spells                   Type           Power      Damage    Failure   Level


Dungeon Overview and Level Annotations

Branches:
Dungeon (6/15)             Temple (1/1) D:4

Altars:
Ashenzari
Cheibriados
Dithmenos
Elyvilon
Fedhas
Gozag
Hepliaklqana
Kikubaaqudgha
Makhleb
Nemelex Xobeh
Okawaru
Ru
Sif Muna
Trog
Uskayaw
Vehumet
Wu Jian
Yredelemnul
Zin
The Shining One

Shops:
D:1 *   D:2 =   D:3 !


Innate Abilities, Weirdness & Mutations

You cannot wear most types of armour.
You are amphibious.
You can wear up to eight rings at the same time.
Your skin changes colour to match your surroundings (Stealth+).
Your rubbery body absorbs attacks. (AC +1, EV +1)
((You are camouflaged when in or above water. (Stealth+)))
You have tentacles for arms and can constrict up to eight enemies at once.


Message History

The electric eel shoots out a bolt of lightning at you!
The bolt of electricity hits you!
Fire: 15 sling bullets
Press: ? - help, Q - select action, (/) - cycle Shift-Dir - straight line, f/p - electric eel
Aim: an electric eel (almost dead, 35% to hit)
You shoot a sling bullet.
The sling bullet barely misses the electric eel.
You hear a splash.
The electric eel shoots out a bolt of lightning at you!
The bolt of electricity hits you!
* * * LOW HITPOINT WARNING * * *
Fire: 14 sling bullets
Press: ? - help, Q - select action, (/) - cycle Shift-Dir - straight line, f/p - electric eel
Aim: an electric eel (water, almost dead, 35% to hit)
You shoot a sling bullet.
The sling bullet hits the electric eel but does no damage.
The electric eel is almost dead.
You hear a splash.
A nearby plant withers and dies.
Fire: 13 sling bullets
Press: ? - help, Q - select action, (/) - cycle Shift-Dir - straight line, f/p - electric eel
Aim: an electric eel (water, almost dead, 35% to hit)
You shoot a sling bullet.
The sling bullet barely misses the electric eel.
The sling bullet hits the plant.
The plant begins to die.
The plant is lightly damaged.
A howler monkey comes into view.
Fire: 12 sling bullets
Press: ? - help, Q - select action, (/) - cycle Shift-Dir - straight line, f/p - electric eel
Aim: an electric eel (water, almost dead, 35% to hit)
You shoot a sling bullet.
The sling bullet barely misses the electric eel.
The howler monkey howls!
The sling bullet hits the plant.
The plant is lightly damaged.
The howler monkey hoots and howls with incredible vigour!
The electric eel shoots out a bolt of lightning at you!
The bolt of electricity misses you. The bolt of electricity hits you!
You die...
Your body crumbles into a pile of gold.

###........#
##.#........#
#.............
#.#..>........
#............
#.#..........
#.#.######...
###..##....≈
##@...≈...
#......≈.≈≈.≈
.....≈≈≈≈≈≈≈≈≈≈
...≈≈≈P≈≈≈≈≈≈≈≈
≈≈≈≈≈≈≈≈≈≈≈≈≈PP
≈≈S≈≈≈≈≈≈≈≈≈≈≈≈
≈≈≈≈
≈≈≈(≈≈≈≈≈P≈≈≈≈.
≈≈≈≈≈P≈P
P≈(h..≈≈≈.P.≈≈≈
..≈≈..≈.


You could see a howler monkey (catching breath) and an electric eel.

Vanquished Creatures
  Sigmund (D:3)
  Eustachio (D:4)
  A water moccasin (D:6)
  Duvessa (D:4)
  An orc warrior (D:6)
  A black bear (D:6)
  2 phantoms
  The ghost of croobank the Sneak, an amateur OpEE (D:4)
  A scorpion (D:5)
  Dowan (D:4)
  2 howler monkeys
  A centaur zombie (D:6)
  A hound (D:6)
  An orc wizard (D:4)
  Ijyb (D:3)
  2 scorpion zombies (D:5)
  9 adders
  An ufetubus (D:4)
  A worm (D:3)
  A dart slug (D:1)
  12 orcs
  5 endoplasms
  4 giant cockroaches
  4 goblins
  5 hobgoblins
  4 jackals (D:4)
  5 quokkas
  8 ball pythons
  6 bats
  3 frilled lizards (D:1)
  2 kobolds (D:1)
  5 rats
94 creatures vanquished.

Vanquished Creatures (others)
  2 fungi (D:2)
  12 plants
14 creatures vanquished.

Grand Total: 108 creatures vanquished

Notes
Turn   | Place    | Note
-------+----------+-------------------------------------------
     0 | D:1      | croobank the Octopode Earth Elementalist began the quest
                  | for the Orb.
     0 | D:1      | Reached XP level 1. HP: 11/11 MP: 3/3
   386 | D:1      | Reached XP level 2. HP: 16/17 MP: 3/5
   389 | D:1      | Learned a level 2 spell: Passwall
   707 | D:1      | Found Wisoshren's General Store.
   888 | D:1      | Reached XP level 3. HP: 4/21 MP: 4/6
  1283 | D:1      | Bought 21 stones for 23 gold pieces
  1724 | D:3      | Noticed Ijyb
  2098 | D:3      | Learned a level 3 spell: Stone Arrow
  2165 | D:2      | Reached XP level 4. HP: 27/27 MP: 7/7
  2352 | D:2      | Found Tueluf's Jewellery Shoppe.
  2679 | D:2      | Found a faded altar of an unknown god.
  2979 | D:3      | Found Couciofe's Distillery.
  2987 | D:3      | Bought a potion of heal wounds for 70 gold pieces
  3338 | D:4      | Reached skill level 1 in Polearms
  3530 | D:4      | Noticed a phantom
  3545 | D:3      | Noticed Sigmund
  3546 | D:3      | Reached skill level 2 in Polearms
  3546 | D:3      | Reached XP level 5. HP: 31/31 MP: 8/8
  3553 | D:3      | Killed Sigmund
  3554 | D:3      | Reached skill level 4 in Polearms
  3554 | D:3      | Reached XP level 6. HP: 16/36 MP: 9/9
  3798 | D:3      | Killed Ijyb
  4379 | D:5      | Entered Level 5 of the Dungeon
  4448 | D:5      | Reached skill level 5 in Polearms
  4482 | D:5      | Found a sparkling altar of Nemelex Xobeh.
  4571 | D:5      | Reached XP level 7. HP: 26/41 MP: 3/10
  4658 | D:5      | Reached skill level 6 in Polearms
  5417 | D:4      | Identified the +0 pair of gloves of the Constellations {rF+
                  | rC++ Dex+4}
  5468 | D:4      | Found a staircase to the Ecumenical Temple.
  5477 | Temple   | Entered the Ecumenical Temple
  5502 | Temple   | Became a worshipper of Gozag Ym Sagoz the Greedy
  6254 | D:4      | Found a runed translucent door.
  6256 | D:4      | Noticed croobank's ghost (amateur OpEE)
  6265 | D:4      | Killed croobank's ghost
  6266 | D:4      | Reached skill level 7 in Polearms
  6381 | D:4      | Noticed Eustachio
  6386 | D:4      | Killed Eustachio
  6387 | D:4      | Reached XP level 8. HP: 46/46 MP: 6/11
  6462 | D:4      | Noticed Duvessa
  6462 | D:4      | Noticed Dowan
  6469 | D:4      | Killed Duvessa
  6470 | D:4      | Reached skill level 8 in Polearms
  6483 | D:4      | Killed Dowan
  6829 | D:5      | Learned a level 4 spell: Petrify
  7173 | D:6      | Reached skill level 9 in Polearms
  8087 | D:6      | Killed from afar by an electric eel

Illustrated notes

Levels and vault maps discovered:
D:1:      grunt_arrival_crossed_arrows, layout_loops_ring, serial_shops, shop,
          chequers_serial_rivers_micro_b
D:2:      layout_basic, serial_shops, shop,
          shapermc_ecumenical_altar_mp_urbaneastern
D:3:      layout_loops_cross, serial_shops, shop_statue, uniq_ijyb, uniq_sigmund
D:4:      layout_basic, lemuel_temple_firewalk_a, ebering_ghost_reflecting_pool,
          uniq_eustachio, uniq_duvessa
D:5:      layout_loops_cross, mainiacjoe_overflow_paths
D:6:      layout_layer_cave, chequers_big_river, dk_noncrumbling_4
Temple:   mainiacjoe_temple_bowtie_tessellation

Skill      XL: |  1  2  3  4  5  6  7  8 |
---------------+-------------------------+-----
Stealth        | 3 |  3.7
Polearms       | 2 4 5 7 9 |  9.7
Dodging        | |  2.6
Spellcasting   | |  2.4
Transmutations | |  1.9
Earth Magic    | |  3.4

Action                   |  1- 3 |  4- 6 |  7- 9 || total
-------------------------+-------+-------+-------++-------
Melee: Unarmed           |    43 |       |       ||    43
       Constrict         |    21 |    14 |    11 ||    46
       Tentacles         |    18 |    15 |    12 ||    45
       Spear             |    16 |       |       ||    16
       Trident           |    19 |    42 |    48 ||   109
       Staff             |    11 |    22 |    17 ||    50
 Fire: Hunting sling     |       |       |    17 ||    17
 Cast: Sandblast         |     9 |    20 |    42 ||    71
  Use: Scroll            |       |     3 |       ||     3
       Potion            |       |     2 |     5 ||     7
 Stab: Sleeping          |    16 |     8 |     2 ||    26
Armor: Skin              |    11 |     3 |     4 ||    18
Dodge: Dodged            |    70 |    41 |    57 ||   168

Table legend: (Time is in decaauts)
 A = Elapsed time spent in this place.
 B = Non-inter-level travel time spent in this place.
 C = Inter-level travel time spent in this place.
 D = Time resting spent in this place.
 E = Time spent auto-exploring this place.
 F = Levels seen in this place.
 G = Mean time per level.
                   A        B        C        D        E       F      G
               +--------+--------+--------+--------+--------+-----+--------+
         Total |   8099 |   7758 |    341 |   2875 |   3057 |   7 | 1157.0 |
       Dungeon |   7886 |   7566 |    320 |   2875 |   2883 |   6 | 1314.3 |
        Temple |    212 |    191 |     21 |      0 |    174 |   1 |  212.0 |
               +--------+--------+--------+--------+--------+-----+--------+

Top non-repeatable levels by time:
     D:4: 1762 daAuts
     D:1: 1320 daAuts
     D:3: 1268 daAuts
     D:6: 1253 daAuts
     D:2: 1231 daAuts
     D:5: 1052 daAuts
  Temple: 212 daAuts
